Map: Ruins of Endion

Players

Kirk

  • Race: Zerg Zerg
  • League: Grandmaster

Pokebunny - Winner!

  • Race: Terran Terran
  • League: Grandmaster

VOD

Have the link to the VOD?

Description

Time

  • Played on: April 7, 2016, 12:19 a.m.
  • Length: 7:46
Show
View Real Time Build Order
Export as new Build Order

Kirk Zerg 

Build Orders: Pool First 

Get SALT Encoding   

  12  0:01  Drone  
  13  0:12  Overlord  
  13  0:18  Drone  
  14  0:32  Drone x2  
  16  0:36  Drone  
  17  0:45  Drone  
  18  0:52  Spawning Pool  
  18  0:56  Extractor  
  16  0:57  Drone  
  17  1:15  Hatchery  
  16  1:19  Drone  
  16  1:22  Drone  
  18  1:28  Drone  
  19  1:39  Queen  
  21  1:45  Overlord  
  21  1:51  Zergling x2  
  22  1:59  Metabolic Boost  
  22  2:03  Overlord  
  22  2:11  Drone  
  23  2:16  Queen  
  25  2:23  Drone  
  25  2:28  Drone  
  25  2:29  Queen  
  27  2:33  Drone  
  30  2:42  Drone  
  31  2:45  Extractor  
  31  2:48  Drone x3  
  33  2:57  Drone x3  
  36  2:59  Drone  
  36  3:13  Drone  
  36  3:14  Drone  
  36  3:17  Extractor  
  36  3:18  Zergling x2  
  38  3:21  Extractor  
  38  3:22  Lair  
  38  3:25  Drone x3  
  40  3:51  Drone x3  
  43  3:59  Overlord  
  43  4:05  Hatchery  
  43  4:06  Drone  
  43  4:08  Overlord  
  43  4:27  Spire  
  43  4:29  Drone x3  
  43  4:30  Drone x3  
  48  4:45  Drone x2  
  50  4:54  Zergling x8  
  54  5:04  Zergling x4  
  54  5:05  Zergling x4  
  58  5:11  Zergling x2  
  59  5:16  Queen x2  
  52  5:31  Zergling x2  
  52  5:32  Zergling x20  
  58  5:39  Zergling x4  
  58  5:41  Queen  
  49  5:43  Zergling x2  
  50  5:56  Zergling x2  
  50  5:57  Zergling x4  
  43  6:10  Mutalisk  
  43  6:11  Mutalisk x2  
  45  6:15  Overlord  
  45  6:16  Overlord  
  48  6:26  Mutalisk  
  48  6:29  Overlord x2  
  48  6:31  Overlord  
  50  6:40  Mutalisk  
  50  6:44  Mutalisk  
  54  6:57  Mutalisk x2  
  57  7:05  Mutalisk  
  57  7:06  Mutalisk  
  59  7:19  Mutalisk  
  59  7:20  Mutalisk  
Show
View Real Time Build Order
Export as new Build Order

Pokebunny Terran - Winner!

Build Orders: Reaper Expand, MMM Bio 

Get SALT Encoding   

  12  0:00  SCV  
  13  0:13  SCV  
  14  0:17  Supply Depot  
  14  0:25  SCV  
  15  0:38  SCV  
  15  0:40  Barracks  
  16  0:44  Refinery  
  16  0:51  SCV  
  17  1:03  SCV  
  18  1:15  SCV  
  19  1:27  Orbital Command  
  19  1:28  Reaper  
  20  1:38  Command Center  
  20  1:51  Supply Depot  
  20  1:52  SCV  
  21  2:00  Barracks Reactor  
  21  2:05  SCV  
  21  2:06  Barracks  
  22  2:17  Barracks  
  22  2:18  SCV  
  22  2:22  Refinery  
  23  2:31  SCV  
  24  2:37  Marine x2  
  24  2:43  SCV  
  27  2:47  Factory  
  27  2:54  Barracks Tech Lab  
  27  2:57  SCV  
  27  2:58  Orbital Command  
  28  3:01  Marine x2  
  30  3:11  Marine  
  31  3:14  Marine, Stimpack  
  31  3:16  SCV  
  33  3:20  Marine x2  
  33  3:25  SCV  
  36  3:31  Starport  
  36  3:32  Factory Reactor  
  36  3:34  Marine  
  37  3:35  SCV  
  37  3:38  Marine  
  38  3:50  Marine, Supply Depot  
  38  3:51  Marine x2  
  38  3:53  SCV x2  
  43  4:03  Marine  
  43  4:04  Supply Depot  
  43  4:06  SCV  
  45  4:12  Marine x2  
  45  4:13  Medivac  
  45  4:14  Medivac  
  51  4:17  Engineering Bay  
  51  4:19  SCV  
  51  4:21  Factory Tech Lab  
  52  4:25  Marine, SCV  
  52  4:31  Supply Depot  
  54  4:32  Barracks Reactor  
  54  4:37  Marine x2  
  56  4:43  Marine, Terran Infantry Weapons Level 1  
  56  4:44  Refinery  
  57  4:49  SCV x2  
  59  4:53  Supply Depot  
  59  4:56  Marine  
  60  5:02  Supply Depot  
  60  5:05  Marine x2  
  62  5:09  Marine  
  62  5:10  Siege Tank, Marine  
  67  5:18  Combat Shields  
  67  5:35  Marine x3  
  68  5:36  Marine x2  
  72  5:43  Siege Tank  
  72  5:45  Barracks  
  72  5:47  Barracks  
  68  5:58  Marine x4  
  68  5:59  Medivac  
  74  6:04  Command Center  
  74  6:06  Marine  
  75  6:11  SCV  
  75  6:12  SCV  
  77  6:18  Supply Depot  
  77  6:19  Siege Tank  
  77  6:24  Marine x5  
  82  6:30  SCV x2  
  84  6:32  Supply Depot  
  84  6:36  Supply Depot  
  84  6:45  Medivac  
  84  6:46  Medivac  
  84  6:47  Marine x3  
  88  6:54  Marine x2  
  91  6:58  Siege Tank  
  96  7:04  Marine  
  96  7:05  Refinery  
  95  7:08  Missile Turret  
  95  7:12  Missile Turret  
  95  7:21  Orbital Command  
  95  7:32  Missile Turret  
Tags
 
Add a new tag
Caveats
  • Supply blocks, unpowered buildings, or Contaminate may cause inaccurate times.
  • Supply counts are checked every 10 seconds.